 Dungeon Crawl Stone Soup version 0.29-a0-878-g7b45a56547 (webtiles) character file.

Game seed: 6077535710613585323

21 IdlyInterested the Charlatan (level 2, -6/21 HPs)
             Began as a Demonspawn Artificer on July 19, 2022.
             Mangled by Sigmund
             ... wielding a +0 scythe
              (7 damage)
             ... on level 2 of the Dungeon.
             The game lasted 00:04:24 (1121 turns).

IdlyInterested the Charlatan (Demonspawn Artificer) Turns: 1121, Time: 00:04:26

Health: -6/21      AC:  6    Str: 12    XL:     2   Next: 65%
Magic:  2/2        EV:  9    Int: 12    God:
Gold:   6          SH:  0    Dex: 15    Spells: 1/1 levels left

rFire   . . .      SeeInvis .   g - +0 hand axe
rCold   . . .      Faith    .   (no shield)
rNeg    . . .      Spirit   .   o - +0 scale mail
rPois   +          Reflect  .   (no helmet)
rElec   .          Harm     .   (no cloak)
rCorr   .          Rampage  .   (no gloves)
Will    .....                   (no boots)
Stlth   +.........              i - amulet of regeneration
HPRegen 0.00/turn               (no ring)
MPRegen 0.08/turn               (no ring)

@: flying, inhibited regen
A: thin skeletal structure 1, poison resistance, inhibited regeneration
a: no special abilities


You were on level 2 of the Dungeon.
You visited 1 branch of the dungeon, and saw 2 of its levels.

You collected 34 gold pieces.
You spent 28 gold pieces at shops.

Inventory:

Hand Weapons
 f - a +0 dagger
 g - a +0 hand axe (weapon)
 m - a +0 short sword
Armour
 o - a +0 scale mail (worn)
Jewellery
 i - an amulet of regeneration (around neck)
Wands
 c - a wand of flame (14) (quivered)
 d - a wand of charming (14)
 e - a wand of iceblast (9)
Scrolls
 b - a scroll of immolation {unknown}
 j - a scroll of amnesia {unknown}
 l - a scroll of teleportation {unknown}
 n - a scroll of identify
Potions
 a - a potion of flight


   Skills:
 + Level 1.5 Fighting
 + Level 0.7 Throwing
 - Level 1.7 Armour
 * Level 1.8 Dodging
 - Level 1.0 Stealth
 - Level 3.0 Evocations


You had one spell level left.
You didn't know any spells.
Your spell library contained the following spells:

 Spells                   Type           Power      Damage    Failure   Level
 Magic Dart               Conj           0%         1d3       86%         1
 Call Imp                 Summ           0%         N/A       95%         2
 Mephitic Cloud           Conj/Pois/Air  0%         N/A       99%         3
 Summon Forest            Summ/Tloc      0%         N/A       100%        5
 Eringya's Noxious Bog    Tmut/Pois      0%         N/A       100%        6
 Summon Hydra             Summ           0%         N/A       100%        7


Dungeon Overview and Level Annotations

Branches:
Dungeon (2/15)

Altars:

Shops:
D:1 ?

Annotations:
D:2 Sigmund


Innate Abilities, Weirdness & Mutations

You have a somewhat thin skeletal structure. (Dex +2, Stealth+)
Your system is resistant to poisons. (rPois)
You do not regenerate when monsters are visible.


Message History

m - a +0 short sword The goblin shouts!
You hear a shout!
Sigmund the Dreaded comes into view.
He is wielding a +0 scythe and carrying a wand of flame (14).
You miss the goblin. The goblin hits you but does no damage.
Sigmund hits you from afar with a +0 scythe!
The goblin completely misses you.
Aiming: Charm
Press: ? - help, Shift-Dir - straight line, f - goblin
Aim: a goblin, wielding a +0 club (chance to affect: 73%)
The goblin is charmed.
Sigmund gestures at you while chanting. The puff of flame misses your goblin.
The puff of flame hits you. Sigmund hits you with a +0 scythe.
Your goblin hits Sigmund with a +0 club.
Sigmund hits you with a +0 scythe.
You closely miss Sigmund.
Sigmund is lightly wounded.
Your goblin barely misses Sigmund.
Sigmund hits you with a +0 scythe.
* * * LOW HITPOINT WARNING * * *
It was a potion of flight.
You feel very buoyant.
You fly up into the air.
Your goblin completely misses Sigmund.
It was a potion of mutation.
You feel extremely strange.
Your regeneration stops near monsters.
You feel resistant to poisons. Sigmund casts a spell at you.
The magic dart hits you.
* * * LOW HITPOINT WARNING * * *
Your goblin hits Sigmund with a +0 club.
It was a potion of magic.
Magic courses through your body.
Your goblin misses Sigmund. Sigmund gestures at you while chanting.
The magic dart hits you.
* * * LOW HITPOINT WARNING * * *
Aiming: Throw Flame
Press: ? - help, Shift-Dir - straight line, f - Sigmund, p - goblin
Aim: Sigmund, wielding a +0 scythe, wearing a +0 robe and carrying a wand of flame (14) (lightly wounded, ally target, 68% to hit)
The puff of flame hits Sigmund!
Sigmund is heavily wounded.
Sigmund hits you with a +0 scythe!
You die...

#.....##.##.#
##.#..##.##.#
##.#..#...#.###
........#...(.#
####..#[..#.#.# ###
#......(.#.## #..
...>>###.......###.#
#............#g....#
##.########.###@@..#
... #..#..###.....
... ##...## .### #.
#.## #.# #.#


You could see Sigmund (ally target) and a friendly goblin (charmed).

Vanquished Creatures
  2 dart slugs
  A giant cockroach (D:1)
  4 jackals (D:2)
  3 quokkas (D:1)
  A bat (D:1)
  A frilled lizard (D:1)
  3 kobolds
  A rat (D:1)
16 creatures vanquished.

Notes
Turn   | Place    | Note
-------+----------+-------------------------------------------
     0 | D:1      | IdlyInterested the Demonspawn Artificer began the quest for
                  | the Orb.
     0 | D:1      | Reached XP level 1. HP: 15/15 MP: 1/1
   131 | D:1      | Reached skill level 1 in Dodging
   166 | D:1      | Reached skill level 1 in Stealth
   454 | D:1      | Found a faded altar of an unknown god.
   514 | D:1      | Gained mutation: You have a somewhat thin skeletal
                  | structure. (Dex +2, Stealth+) [demonic ancestry]
   514 | D:1      | Reached XP level 2. HP: 20/21 MP: 2/2
   843 | D:1      | Found Tietzemula's Magic Scroll Shoppe.
   895 | D:1      | Bought a scroll of identify for 28 gold pieces
  1111 | D:2      | Noticed Sigmund
  1119 | D:2      | Gained mutation: You do not regenerate when monsters are
                  | visible. [potion of mutation]
  1119 | D:2      | Gained mutation: Your system is resistant to poisons.
                  | (rPois) [potion of mutation]
  1120 | D:2      | HP: 1/21 [Sigmund/magic dart (1)]
  1121 | D:2      | Mangled by Sigmund

Illustrated notes

Levels and vault maps discovered:
D:1:      ebering_trefoil_twist, layout_loops_ring, serial_shops,
          nicolae_shop_waterfront, hellmonk_ecumenical_altar_heavens_door
D:2:      layout_loops_ring, serial_shops, nicolae_shop_stone, uniq_robin,
          uniq_sigmund

Skill      XL: |  1 |
---------------+----+-----
Dodging        | 1 |  1.8
Stealth        | 1 |  1.0
Fighting       | |  1.5
Throwing       | |  0.7
Armour         | |  1.7
Evocations     | |  3.0

Action                   || total
-------------------------++-------
Melee: Dagger            ||    27
       Hand axe          ||    63
       Club              ||     7
       Punch             ||     2
Evoke: Wand              ||     2
  Use: Potion            ||     3
 Stab: Sleeping          ||     1
Armor: Leather armour    ||    23
       Ring mail         ||    15
       Scale mail        ||     1
Dodge: Dodged            ||    71

Table legend: (Time is in decaauts)
 A = Elapsed time spent in this place.
 B = Non-inter-level travel time spent in this place.
 C = Inter-level travel time spent in this place.
 D = Time resting spent in this place.
 E = Time spent auto-exploring this place.
 F = Levels seen in this place.
 G = Mean time per level.
                   A        B        C        D        E       F      G
               +--------+--------+--------+--------+--------+-----+--------+
         Total |   1141 |   1011 |    130 |    136 |    577 |   2 |  570.5 |
       Dungeon |   1141 |   1011 |    130 |    136 |    577 |   2 |  570.5 |
               +--------+--------+--------+--------+--------+-----+--------+

Top non-repeatable levels by time:
     D:1: 1043 daAuts
     D:2: 98 daAuts
